 Dungeon Crawl Stone Soup version 0.18.1-48-g4cf74bf (webtiles) character file.

55097 nikopol the Impaler (level 14, 0/190 HPs)
             Began as a Minotaur Berserker on Aug 5, 2016.
             Was the Champion of Trog.
             Slain by a dire elephant (16 damage)
             ... on level 8 of the Lair of Beasts.
             The game lasted 01:05:51 (21026 turns).

nikopol the Impaler (Minotaur Berserker)           Turns: 21026, Time: 01:05:51

Health: 0/190      AC: 19    Str: 28    XL:     14   Next: 37%
Magic:  7/7        EV: 17    Int:  8    God:    Trog [******]
Gold:   791        SH:  3    Dex: 14    Spells: 0 memorised, 13 levels left

rFire  + . .     SeeInvis .     a - +6 glaive of Ruumupna {antimagic, Int+4}
rCold  + . .     Gourm    .     O - +2 scale mail {rF+}
rNeg   . . .     Faith    .     (shield currently unavailable)
rPois  +         Spirit   .     (helmet restricted)
rElec  .         Dismiss  .     R - +1 cloak
rCorr  .         Reflect  +     y - +2 pair of gloves {archery}
SustAt .         Harm     .     g - +0 pair of boots
MR     +++..                    s - +3 amulet of reflection
Stlth  ..........               K - ring "Gaal" {rPois rC+ MR+ MP+9 Stlth+}
                                r - ring of protection from magic

@: berserking, very quick, extremely resistant to hostile enchantments,
extremely unstealthy
A: retaliatory headbutt, horns 2
a: Berserk, Trog's Hand, Brothers in Arms, Burn Spellbooks, Renounce Religion


You were on level 8 of the Lair of Beasts.
You worshipped Trog.
Trog was exalted by your worship.
You were hungry.

You visited 2 branches of the dungeon, and saw 19 of its levels.
You also visited: Volcano.

You collected 1443 gold pieces.
You spent 652 gold pieces at shops.

Inventory:

Hand Weapons
 a - the +6 glaive of Ruumupna (weapon) {antimagic, Int+4}
   (Trog gifted it to you on level 7 of the Lair of Beasts)

   It disrupts the flow of magical energy around spellcasters and certain
   magical creatures (including the wielder).
   It affects your intelligence (+4).
 z - a +6 longbow of flaming
Missiles
 o - 398 arrows (quivered)
Armour
 g - a +0 pair of boots (worn)
 y - a +2 pair of gloves of archery (worn)
 O - a +2 scale mail of fire resistance (worn)
 R - a +1 cloak (worn)
Jewellery
 n - an uncursed ring of see invisible
 r - a ring of protection from magic (left hand)
 s - a +3 amulet of reflection (around neck)
 t - an uncursed ring of protection from magic
 D - an uncursed ring of sustain attributes
 K - the ring "Gaal" (right hand) {rPois rC+ MR+ MP+9 Stlth+}
   (You bought it in a shop on level 8 of the Dungeon)

   [ring of magical power]

   It protects you from cold.
   It protects you from poison.
   It affects your resistance to hostile enchantments.
   It affects your magic capacity (+9).
   It makes you more stealthy.
 Y - an uncursed ring of protection from cold
Wands
 v - a wand of digging (17/24)
 H - a wand of polymorph (12/24)
 U - a wand of lightning (7/15)
Scrolls
 e - 2 scrolls of fear
 j - 8 scrolls of teleportation
 m - a scroll of amnesia {unknown}
 p - 3 scrolls of remove curse
 x - a scroll of blinking
 C - a scroll of identify
 I - 3 scrolls of enchant armour
 M - a scroll of enchant weapon {unknown}
 N - 2 scrolls of fog
 P - a scroll of recharging
 W - a scroll of magic mapping {unknown}
Potions
 b - 4 potions of flight
 d - 3 potions of haste
 i - 8 potions of curing
 k - a potion of resistance
 l - 5 potions of might
 q - 8 potions of agility
 u - 5 potions of heal wounds
 w - 3 potions of invisibility
 A - 2 potions of cure mutation
 B - a potion of cancellation
 E - 4 potions of magic
 F - a potion of berserk rage {unknown}
 L - 3 potions of brilliance
Comestibles
 c - 11 bread rations
 f - 8 fruits
 h - 11 meat rations
 S - 2 royal jellies
 T - 3 beef jerkies
 V - 2 slices of pizza


   Skills:
 + Level 12.8 Fighting
 * Level 15.6 Polearms
 * Level 13.1 Bows
 + Level 12.6 Armour
 + Level 11.4 Dodging


You had 13 spell levels left.
You didn't know any spells.

Dungeon Overview and Level Annotations

Branches:
Dungeon (11/15)            Temple (0/1) D:6            Lair (8/8) D:11
 Shoals (0/4) Lair:3        Snake (0/4) Lair:4        Slime (0/6) Lair:6
    Orc (0/2) D:10

Altars:
Ashenzari
Cheibriados
Dithmenos
Elyvilon
Fedhas
Gozag
Kikubaaqudgha
Nemelex Xobeh
Pakellas
Ru
Trog
Yredelemnul
Jiyva

Shops:
D:6 [   D:8 :}=   D:9 *


Innate Abilities, Weirdness & Mutations

You reflexively headbutt those who attack you in melee.
You have a pair of horns on your head.


Message History

You hit the dire elephant.
You headbutt the dire elephant, but do no damage.
The dire elephant is severely wounded.
The dire elephant tramples you!!
* * * LOW HITPOINT WARNING * * *
You stumble backwards!
You are too injured to fight recklessly!
A red film seems to cover your vision as you go berserk!
You feel yourself moving faster!
You feel mighty!
You are feeling hungry.
The dire elephant tramples you!
* * * LOW HITPOINT WARNING * * *
You hold your ground!
The dire elephant closely misses you. The dire elephant barely misses you.
You furiously retaliate!
You headbutt the dire elephant, but do no damage.
The dire elephant completely misses you.
You slash the dire elephant! You headbutt the dire elephant.
The dire elephant is severely wounded.
The dire elephant tramples you!
You die...

........#.####''#
.....P..#.##.≈≈≈##
....P...#.#.≈≈≈≈≈#
........#.#≈≈≈≈≈≈#
......P.#.##≈≈≈..#
........#..#≈...##
........##.####'##
........♣#...#8Y8#
.........###.#.Y@#
..........##.##..####
..........♣#..#..'..#
..........♣##.#..'..##
#.........♣
#.#####..##
.........♣#
#...8#....# .........#
###..'...## ##..PP..♣#
+P.8#....# ####P..#
#####....#


You could see 2 dire elephants.

Vanquished Creatures
  Rupert (Lair:4)
  Nessos (Lair:6)
  6 hydras
  Fannar (Lair:2)
  A catoblepas (Lair:6)
  Erica (D:9)
  An anaconda (Lair:8)
  5 death yaks
  The ghost of Heedrag the Cleaver, a novice MiFi of Okawaru (D:9)
  Pikel (D:4)
  2 hill giants (D:11)
  A lindwurm (Lair:7)
  An orc sorcerer (Volcano)
  An oklob plant (Lair:6)
  An ugly thing (D:11)
  19 elephants
  2 black mambas
  A siren (Lair:3)
  Psyche (D:8)
  3 rime drakes
  14 spiny frogs
  11 komodo dragons
  A spriggan druid (Lair:7)
  2 polar bears (Lair:7)
  2 boulder beetles
  8 blink frogs
  A spriggan (D:8)
  Sigmund (D:2)
  A vampire (D:11)
  28 yaks
  6 hippogriffs
  2 basilisks
  A steam dragon (D:10)
  The ghost of p0werm0de the Insei, an amateur OpMo (D:3)
  Edmund (D:5)
  16 water moccasins
  10 swamp worms (Lair:5)
  13 porcupines
  6 orc warriors
  2 ice beasts
  5 ogres
  5 phantoms
  A sky beast (D:6)
  16 wolves
  8 centaurs
  19 crocodiles
  3 big kobolds
  Blork the orc (D:5)
  22 giant frogs
  A wyvern skeleton (D:10)
  9 scorpions
  9 killer bees
  3 electric eels (Lair:5)
  3 wights (D:11)
  4 howler monkeys
  11 lava snakes (Volcano)
  A giant frog zombie (D:5)
  A quasit (D:11)
  3 centaur zombies
  2 crimson imps
  3 orc priests
  6 hounds
  16 jellies
  2 centaur skeletons
  11 iguanas
  Jessica (D:2)
  Ijyb (D:3)
  2 orc wizards
  5 worker ants
  15 sheep
  A hound zombie (D:4)
  3 hound skeletons
  Robin (D:3)
  8 adders
  67 river rats
  A shadow imp (D:11)
  2 oozes (Lair:6)
  3 adder skeletons
  11 worms
  3 dart slugs
  3 giant geckos
  29 orcs
  5 giant cockroaches
  9 hobgoblins
  13 jackals
  23 kobolds
  3 quokkas
  7 bats
  A giant gecko zombie (D:7)
  6 giant newts
  14 goblins
  13 rats
  9 fungi
  8 plants
610 creatures vanquished.

Vanquished Creatures (collateral kills)
  A centaur (D:11)
1 creature vanquished.

Vanquished Creatures (others)
  The ghost of p0werm0de the Insei, an amateur OpMo (D:4)
  2 slaves (D:4)
  A centaur (D:10)
  An adder (D:4)
  8 fungi
  10 plants
  A toadstool (D:8)
24 creatures vanquished.

Grand Total: 635 creatures vanquished

Notes
Turn   | Place    | Note
--------------------------------------------------------------
     0 | D:1      | nikopol the Minotaur Berserker began the quest for the Orb.
     0 | D:1      | Reached XP level 1. HP: 19/19 MP: 0/0
   212 | D:1      | Reached XP level 2. HP: 27/27 MP: 1/1
   595 | D:2      | Reached ** piety under Trog
   610 | D:2      | Noticed Jessica
   619 | D:2      | Killed Jessica
   619 | D:2      | Reached skill level 4 in Polearms
   619 | D:2      | Reached XP level 3. HP: 26/33 MP: 2/2
   860 | D:2      | Reached XP level 4. HP: 37/41 MP: 3/3
   948 | D:2      | Found a faded altar to an unknown god.
  1042 | D:2      | Reached *** piety under Trog
  1169 | D:2      | Noticed Sigmund
  1177 | D:2      | Killed Sigmund
  1177 | D:2      | Reached skill level 5 in Fighting
  1177 | D:2      | Reached skill level 5 in Polearms
  1177 | D:2      | Reached XP level 5. HP: 48/48 MP: 4/4
  1177 | D:2      | Reached XP level 6. HP: 56/56 MP: 5/5
  1484 | D:3      | Noticed Ijyb
  1496 | D:3      | Killed Ijyb
  1626 | D:3      | Noticed Robin
  1639 | D:3      | Noticed p0werm0de's ghost (amateur OpMo)
  1647 | D:3      | Killed p0werm0de's ghost
  1655 | D:3      | Killed Robin
  2105 | D:4      | Found a sacrificial altar of Ru.
  2106 | D:4      | Found an opulent altar of Gozag.
  2108 | D:4      | Found a basalt altar of Yredelemnul.
  2111 | D:4      | Found a blossoming altar of Fedhas.
  2112 | D:4      | Found a bloodstained altar of Trog.
  2112 | D:4      | Found a shattered altar of Ashenzari.
  2113 | D:4      | Found a sparkling altar of Nemelex Xobeh.
  2114 | D:4      | Found an oddly glowing altar of Pakellas.
  2115 | D:4      | Found a shadowy altar of Dithmenos.
  2116 | D:4      | Found an ancient bone altar of Kikubaaqudgha.
  2198 | D:4      | Noticed a slave
  2199 | D:4      | Noticed a slave
  2199 | D:4      | Noticed a slave
  2200 | D:4      | Noticed a slave
  2201 | D:4      | Noticed Pikel
  2216 | D:4      | Killed Pikel
  2216 | D:4      | Reached skill level 6 in Polearms
  2216 | D:4      | Reached skill level 5 in Armour
  2216 | D:4      | Reached skill level 5 in Dodging
  2216 | D:4      | Reached XP level 7. HP: 64/64 MP: 6/6
  2237 | D:4      | Noticed p0werm0de's ghost (amateur OpMo)
  2390 | D:4      | Reached XP level 8. HP: 51/71 MP: 7/7
  2477 | D:4      | Killed p0werm0de's ghost
  2635 | D:5      | Entered Level 5 of the Dungeon
  2642 | D:5      | Reached skill level 7 in Polearms
  2749 | D:5      | Noticed Edmund
  2765 | D:5      | Killed Edmund
  2813 | D:5      | Noticed Blork the orc
  2823 | D:5      | Killed Blork the orc
  3010 | D:5      | Reached **** piety under Trog
  3066 | D:5      | Received a gift from Trog
  3160 | D:5      | Reached skill level 8 in Polearms
  3237 | D:6      | Reached XP level 9. HP: 79/81 MP: 8/8
  3381 | D:6      | Found Cean's Armour Boutique.
  3492 | D:6      | Reached skill level 1 in Bows
  3511 | D:6      | Found a staircase to the Ecumenical Temple.
  3996 | D:7      | Reached skill level 9 in Polearms
  4605 | D:7      | Found a snail-covered altar of Cheibriados.
  4692 | D:8      | Found Odeane's Jewellery Shop.
  4695 | D:8      | Noticed Psyche
  4706 | D:8      | Killed Psyche
  4706 | D:8      | Received a gift from Trog
  4931 | D:8      | Found a white marble altar of Elyvilon.
  5092 | D:8      | Found Visulyr's Gadget Shop.
  5285 | D:8      | Found Asmaopn's Book Emporium.
  5612 | D:8      | Received a gift from Trog
  5619 | D:8      | Reached XP level 10. HP: 82/90 MP: 9/9
  5831 | D:8      | Found a viscous altar of Jiyva.
  6082 | D:9      | Reached skill level 10 in Polearms
  6086 | D:9      | Noticed Erica
  6243 | D:9      | Killed Erica
  6243 | D:9      | Reached skill level 5 in Bows
  6412 | D:9      | Noticed Heedrag's ghost (novice MiFi)
  6430 | D:9      | Killed Heedrag's ghost
  6450 | D:9      | Received a gift from Trog
  6513 | D:9      | Found Bayn's General Store.
  6696 | D:9      | Reached ***** piety under Trog
  6789 | D:10     | Entered Level 10 of the Dungeon
  7323 | D:10     | Received a gift from Trog
  7357 | D:10     | Found a staircase to the Orcish Mines.
  7657 | D:11     | Noticed a hill giant
  7664 | D:11     | Noticed a green ugly thing
  7665 | D:11     | Killed a hill giant
  7665 | D:11     | Reached skill level 11 in Polearms
  7677 | D:11     | Killed a green ugly thing
  7677 | D:11     | Reached XP level 11. HP: 90/99 MP: 10/10
  8017 | D:11     | Found a staircase to the Lair.
  8364 | D:11     | Received a gift from Trog
  8820 | D:11     | Reached skill level 10 in Fighting
  9269 | D:11     | Noticed a hill giant
  9283 | D:11     | Killed a hill giant
  9475 | Lair:1   | Entered Level 1 of the Lair of Beasts
  9513 | Lair:1   | Noticed a four-headed hydra
  9521 | Lair:1   | Killed an eight-headed hydra
  9707 | Lair:1   | Reached skill level 10 in Armour
  9804 | Lair:1   | Reached skill level 12 in Polearms
 10962 | Lair:2   | Reached XP level 12. HP: 86/107 MP: 3/11
 11305 | Lair:2   | Noticed an eight-headed hydra
 11311 | Lair:2   | Killed an eight-headed hydra
 11759 | Lair:2   | Reached skill level 10 in Bows
 11787 | Lair:2   | Reached skill level 13 in Polearms
 11799 | Lair:2   | Noticed Fannar
 11814 | Lair:2   | Killed Fannar
 12017 | Lair:2   | You fall through a shaft!
 12131 | Lair:3   | Found a staircase to the Shoals.
 12359 | Lair:3   | Reached skill level 10 in Dodging
 12654 | D:8      | Bought the ring "Gaal" {rPois rC+ MR+ MP+9 Stlth+} for 652 gold pieces
 13296 | Lair:4   | Found a dark tunnel.
 13300 | Volcano  | Entered a volcano
 13353 | Volcano  | Received a gift from Trog
 13444 | Volcano  | Found a burning altar of Makhleb.
 13654 | Lair:4   | Received a gift from Trog
 13785 | Lair:4   | Reached ****** piety under Trog
 13980 | Lair:4   | Noticed Rupert
 14002 | Lair:4   | Killed Rupert
 14217 | Lair:4   | Found a staircase to the Snake Pit.
 14812 | Lair:5   | Noticed a four-headed hydra
 14830 | Lair:5   | Killed a nine-headed hydra
 14830 | Lair:5   | Reached XP level 13. HP: 101/116 MP: 7/12
 14940 | Lair:5   | Received a gift from Trog
 15402 | Lair:5   | Reached skill level 14 in Polearms
 15427 | Lair:5   | HP: 2/116 [swamp worm (11)]
 17214 | Lair:6   | Found a staircase to the Slime Pits.
 17356 | Lair:6   | Received a gift from Trog
 17492 | Lair:6   | Noticed Nessos
 17500 | Lair:6   | Killed Nessos
 17500 | Lair:6   | Received a gift from Trog
 18109 | Lair:7   | Received a gift from Trog
 18194 | Lair:7   | Got a scorched glaive {god gift}
 18195 | Lair:7   | Identified the +6 glaive of Ruumupna {antimagic, Int+4} (Trog gifted it to you on level 7 of the Lair of Beasts)
 19008 | Lair:7   | Reached skill level 15 in Polearms
 19353 | Lair:7   | Received a gift from Trog
 19567 | Lair:8   | Entered Level 8 of the Lair of Beasts
 19572 | Lair:8   | Reached XP level 14. HP: 127/127 MP: 13/13
 19740 | Lair:7   | Received a gift from Trog
 20735 | Lair:8   | Received a gift from Trog
 21026 | Lair:8   | Slain by a dire elephant

Skill      XL: |  1  2  3  4  5  6  7  8  9 10 11 12 13 14 |
---------------+-------------------------------------------+-----
Fighting       | 4 5 6 8 9 10 11 12 | 12.8
Polearms       | 4 5 6 8 9 11 12 13 15 | 15.6
Armour         | 3 4 5 7 8 9 10 11 12 | 12.6
Dodging        | 3 5 6 7 8 9 10 11 | 11.4
Bows           | 4 7 9 11 12 13 | 13.1

Action                   |  1- 3 |  4- 6 |  7- 9 | 10-12 | 13-15 || total
-------------------------+-------+-------+-------+-------+-------++-------
Melee: Spear             |    83 |   165 |   196 |   156 |       ||   600
       Headbutt          |     8 |    19 |    88 |   150 |    86 ||   351
       Trident           |       |       |   157 |       |       ||   157
       Halberd           |       |       |       |   471 |   154 ||   625
       Glaive            |       |       |       |       |   154 ||   154
 Fire: Shortbow          |       |       |    27 |   383 |    23 ||   433
       Longbow           |       |       |       |       |   315 ||   315
Invok: Burn Spellbooks   |     1 |       |       |     1 |     4 ||     6
       Berserk           |       |     3 |     2 |     7 |     5 ||    17
       Trog's Hand       |       |       |       |     2 |       ||     2
       Brothers in Arms  |       |       |       |     1 |       ||     1
  Use: Scroll            |       |       |    20 |    10 |     2 ||    32
       Potion            |       |       |       |       |     1 ||     1
 Stab: Sleeping          |     1 |       |       |     2 |     2 ||     5
  Eat: Chunk             |       |     6 |    12 |    31 |    24 ||    73
       Fruit             |       |       |     1 |     2 |       ||     3
       Pizza             |       |       |     1 |     1 |       ||     2
       Royal jelly       |       |       |       |     1 |       ||     1
Armor: Animal skin       |     9 |       |       |       |       ||     9
       Ring mail         |    11 |    33 |    57 |   144 |       ||   245
       Scale mail        |       |       |       |    28 |   113 ||   141
Dodge: Dodged            |    28 |    50 |   159 |   411 |   197 ||   845
Block: Other             |       |     1 |    36 |    61 |    31 ||   129
       Reflection        |       |       |     1 |     7 |     1 ||     9
